 Dungeon Crawl Stone Soup version 0.29.0-4-gdea44cf6ec (webtiles) character file.

Game seed: 15310224139163429889

22 qw the Sneak (level 2, 0/19 HPs)
             Began as a Gargoyle Delver on Sept 10, 2022.
             Slain by a gnoll
             ... wielding a +0 club
              (2 damage)
             ... on level 4 of the Dungeon.
             The game lasted 00:00:08 (624 turns).

qw the Sneak (Gargoyle Delver)                       Turns: 624, Time: 00:00:08

Health: 0/19       AC:  5    Str: 15    XL:     2   Next: 91%
Magic:  2/2        EV: 11    Int: 10    God:
Gold:   26         SH:  0    Dex: 11    Spells: 1/1 levels left

rFire   . . .      SeeInvis .   a - +0 hand axe
rCold   . . .      Faith    .   (no shield)
rNeg    + . .      Spirit   .   b - +0 leather armour
rPois   inf        Reflect  .   (no helmet)
rElec   +          Harm     .   (no cloak)
rCorr   .          Rampage  .   (no gloves)
Will    .....                   (no boots)
Stlth   +++.......              (no amulet)
HPRegen 0.06/turn               (no ring)
MPRegen 0.08/turn               (no ring)

@: no status effects
A: sickness immunity, AC +2, negative energy resistance 1, electricity
resistance, torment resistance 1, petrification resistance
a: no special abilities


You were on level 4 of the Dungeon.
You visited 1 branch of the dungeon, and saw 2 of its levels.

You collected 26 gold pieces.


Innate Abilities, Weirdness & Mutations

You are immune to sickness and miasma.
Your stone body is resilient. (AC +2)
You are immune to poison.
You resist negative energy. (rN+)
You are resistant to electric shocks. (rElec)
You are resistant to unholy torment.
You are immune to petrification.


   Skills:
 - Level 3.2 Fighting
 + Level 3.0 Axes
 - Level 1.5 Dodging
 - Level 5.4 Stealth


You had one spell level left.
You didn't know any spells.
Your spell library was empty.

Inventory:

Hand Weapons
 a - a +0 hand axe (weapon)
Armour
 b - a +0 leather armour (worn)
Wands
 g - a wand of digging (3)
Potions
 f - a potion of haste

Dungeon Overview and Level Annotations

Branches:
Dungeon (5/15)
 Temple: D:4-7

Altars:


Message History

The gnoll hits you with a +0 spear.
You barely miss the gnoll.
The gnoll is severely wounded.
The gnoll hits you with a +0 spear.
You barely miss the gnoll.
The gnoll is severely wounded.
The gnoll hits you but does no damage.
You hit the gnoll.
You kill the gnoll!
Your Axes skill increases to level 3!
You start resting.
HP restored. 2 gnolls come into view.
The gnoll shouts! x2
Things that are here:
a +0 spear; a gnoll skeleton You hit the gnoll but do no damage.
You barely miss the gnoll. The gnoll hits you with a +0 flail.
The gnoll misses you.
You hit the gnoll.
The gnoll is moderately wounded.
You closely miss the gnoll. The gnoll hits you with a +0 flail.
The gnoll closely misses you. The gnoll misses you.
The gnoll closely misses you.
You hit the gnoll but do no damage.
The gnoll is moderately wounded.
You hit the gnoll. The gnoll hits you with a +0 flail.
The gnoll hits you with a +0 club.
You closely miss the gnoll.
The gnoll is moderately wounded.
You completely miss the gnoll. The gnoll closely misses you.
The gnoll hits you with a +0 club.
You slash the gnoll!
The gnoll is almost dead.
You hit the gnoll. The gnoll closely misses you. The gnoll barely misses you.
You hit the gnoll.
You kill the gnoll!
You barely miss the gnoll. The gnoll hits you with a +0 club.
You die...

### .. .#
#################g######
................@>......
###############)#.######
.....# #.##.### # ..#
.## ##


You could see a gnoll.

Vanquished Creatures
  2 gnolls (D:4)
  An adder (D:4)
  An endoplasm (D:4)
  A kobold (D:4)
5 creatures vanquished.

Notes
Turn   | Place    | Note
-------+----------+-------------------------------------------
     0 | D:5      | qw the Gargoyle Delver began the quest for the Orb.
     0 | D:5      | Reached XP level 1. HP: 14/14 MP: 1/1
     0 | D:5      | 0 ||| qw: Version: 0.1-a-117-gfe26ee0
     0 | D:5      | 0 ||| qw: Game counter: 9654
     0 | D:5      | 0 ||| qw: Always use a shield: true
     0 | D:5      | 0 ||| qw: God list: Okawaru
     0 | D:5      | 0 ||| qw: Allow faded altars: false
     0 | D:5      | 0 ||| qw: Do Orc after D:15 true
     0 | D:5      | 0 ||| qw: Do second Lair branch before Depths: true
     0 | D:5      | 0 ||| qw: Lair rune preference: random
     0 | D:5      | 0 ||| qw: Plans: Normal
     0 | D:5      | 0 ||| PLANNING D:1-11
     9 | D:5      | 9 ||| DROPPING scroll of fog.
    10 | D:5      | 10 ||| DROPPING scroll of magic mapping.
    11 | D:5      | 11 ||| DROPPING scroll of fear.
    31 | D:4      | Reached XP level 2. HP: 16/19 MP: 2/2
    38 | D:4      | Noticed a necrophage
    39 | D:4      | 39 ||| Stepping ~*~*~tactically~*~*~ (stealth).
    40 | D:4      | 40 ||| Stepping ~*~*~tactically~*~*~ (stealth).
    71 | D:4      | 71 ||| Stepping ~*~*~tactically~*~*~ (hiding).
   395 | D:4      | Reached skill level 3 in Axes
   622 | D:4      | HP: 2/19 [gnoll/+0 club (3)]
   624 | D:4      | Slain by a gnoll

Levels and vault maps discovered:
D:4:      layout_basic, serial_shops, nicolae_inconvenience_store, shop,
          shop_statue, reono_crystal_passage, chequers_serial_rivers_micro_a
D:5:      layout_basic, nicolae_shop_gadgets, uniq_eustachio

Skill      XL: |  1  2 |
---------------+-------+-----
Axes           | 2 3 |  3.0
Fighting       | |  3.2
Dodging        | |  1.5
Stealth        | |  5.4

Action                   || total
-------------------------++-------
Melee: Hand axe          ||    28
       Punch             ||     1
 Stab: Sleeping          ||     1
Armor: Leather armour    ||     5
Dodge: Dodged            ||    18

Table legend:
 A = Non-vault XP
 B = Vault XP
 C = Vault XP percentage of total XP
 D = Non-vault monster count
 E = Vault monster count
 F = Vault count percentage of total count
                 A         B        C        D         E       F
            +---------+---------+-------+---------+---------+-------
      Total |      46 |       0 |   0.0 |       5 |       0 |   0.0
            +---------+---------+-------+---------+---------+-------
        D:4 |      46 |       0 |   0.0 |       5 |       0 |   0.0
            +---------+---------+-------+---------+---------+-------
